 Dungeon Crawl Stone Soup version 0.26.1-11-gd32895ea62 (webtiles) character file.

Game seed: 9867123139629343705

989 seveneves the Shield-Bearer (level 7, 0/56 HPs)
             Began as a Minotaur Fighter on July 23, 2021.
             Slain by a worker ant (5 damage)
             ... on level 7 of the Dungeon.
             The game lasted 00:13:22 (3111 turns).

seveneves the Shield-Bearer (Minotaur Fighter)      Turns: 3111, Time: 00:13:23

Health: 0/56       AC:  9    Str: 22    XL:     7   Next: 98%
Magic:  6/6        EV:  7    Int:  5    God:
Gold:   213        SH: 16    Dex: 10    Spells: 6/6 levels left

rFire    . . .     SeeInvis .   l - +2 dagger (elec)
rCold    . . .     Faith    .   h - +0 tower shield
rNeg     . . .     Spirit   .   b - +0 scale mail
rPois    .         Reflect  .   (helmet restricted)
rElec    .         Harm     .   (no cloak)
rCorr    .         Rampage  .   p - +0 pair of gloves
Will     .....                  (no boots)
Stlth    ..........             (no amulet)
HPRegen  0.18/turn              (no ring)
MPRegen  0.10/turn              (no ring)

@: lethally poisoned (0 -> -20)
A: retaliatory headbutt, horns 2, rugged brown scales 1, frail 1
a: no special abilities


You were on level 7 of the Dungeon.
You visited 1 branch of the dungeon, and saw 7 of its levels.

You collected 213 gold pieces.

Inventory:

Hand Weapons
 l - a +2 dagger of electrocution (weapon)
Missiles
 q - 3 atropa-tipped darts (quivered)
Armour
 b - a +0 scale mail (worn)
 h - a +0 tower shield (worn)
 p - a +0 pair of gloves (worn)
Wands
 c - a wand of flame (11)
Scrolls
 e - a scroll of teleportation
 j - a scroll of remove curse
 m - 5 scrolls of identify
Potions
 a - a potion of invisibility {unknown}
 d - a potion of might
 f - a potion of haste
 g - 3 potions of curing
 i - a potion of degeneration {unknown}
 k - a potion of brilliance


   Skills:
 + Level 5.2 Fighting
 + Level 4.3(4.7) Short Blades
 + Level 3.0(4.3) Long Blades
 + Level 0.2 Throwing
 + Level 5.9 Armour
 + Level 3.4 Dodging
 + Level 1.1 Stealth
 + Level 6.8 Shields


You had 6 spell levels left.
You didn't know any spells.
Your spell library contained the following spells:

 Spells                   Type           Power        Failure   Level
 Beastly Appendage        Tmut           0%           100%        1
 Wereblood                Tmut           0%           100%        2
 Spider Form              Tmut/Pois      0%           100%        3
 Ice Form                 Ice/Tmut       0%           100%        4
 Blade Hands              Tmut           0%           100%        5


Dungeon Overview and Level Annotations

Branches:
Dungeon (8/15)             Temple (0/1) D:4
   Lair: D:8-11

Altars:
Dithmenos
Elyvilon
Xom
The Shining One

Shops:
D:7 !   D:8 (


Innate Abilities, Weirdness & Mutations

You reflexively headbutt those who attack you in melee.
You have a pair of horns on your head.
You are partially covered in rugged brown scales. (AC +1, +3% HP)
You are frail. (-10% HP)


Message History

The worker ant bites you but does no damage.
The water moccasin bites you.
* * * LOW HITPOINT WARNING * * *
You are lethally poisoned!
The water moccasin poisons you! The bullfrog barely misses you.
The killer bee completely misses you.
You hit the killer bee.
Lightning courses through the killer bee!
You kill the killer bee!
* * * LOW HITPOINT WARNING * * *
You feel sick. You block the centaur's attack. The killer bee stings you.
* * * LOW HITPOINT WARNING * * *
You are more poisoned.
The killer bee poisons you!
The worker ant bites you but does no damage.
The killer bee stings you but does no damage.
You block the bullfrog's attack. The water moccasin closely misses you.
The centaur hits you but does no damage.
You block the adder's attack. The worker ant bites you.
You die...

≈≈ ≈∩≈ ######
≈.≈≈####....#####
≈.≈....(Fy......#
.......yy@S.....#
#..####.BSc.....#
#.y5......#
#K........#
#.######+## #K#
#.# #Z# #.#


You could see a water moccasin, a big kobold, a bullfrog, a centaur, a worker
ant, 4 killer bees, an adder, an ufetubus, a kobold and a water moccasin
skeleton.

Vanquished Creatures
  Grinder (D:5)
  2 ogres
  A centaur (D:7)
  A bullfrog (D:7)
  2 killer bees (D:7)
  2 hounds (D:4)
  2 orc priests (D:4)
  An iguana (D:4)
  2 worker ants
  A hound skeleton (D:4)
  6 gnolls (D:3)
  6 adders
  2 ufetubi
  3 oozes
  An adder skeleton (D:4)
  A worm (D:4)
  3 dart slugs
  2 leopard geckos
  11 orcs
  A giant cockroach (D:1)
  10 goblins
  3 hobgoblins
  3 jackals (D:4)
  10 kobolds
  2 quokkas
  A ball python (D:3)
  7 bats
  3 frilled lizards
  A leopard gecko skeleton (D:5)
  6 rats
97 creatures vanquished.

Notes
Turn   | Place    | Note
-------+----------+-------------------------------------------
     0 | D:1      | seveneves the Minotaur Fighter began the quest for the Orb.
     0 | D:1      | Reached XP level 1. HP: 19/19 MP: 0/0
   242 | D:1      | Reached XP level 2. HP: 27/27 MP: 1/1
   269 | D:1      | Reached skill level 4 in Shields
   550 | D:1      | Reached XP level 3. HP: 30/33 MP: 2/2
  1128 | D:2      | Found a shimmering altar of Xom.
  1735 | D:3      | Reached XP level 4. HP: 14/41 MP: 3/3
  1770 | D:3      | Reached skill level 1 in Short Blades
  1984 | D:3      | Reached XP level 5. HP: 45/47 MP: 4/4
  2290 | D:4      | Reached skill level 5 in Shields
  2332 | D:4      | Reached skill level 1 in Dodging
  2336 | D:4      | Gained mutation: You are frail. (-10% HP) [potion of
                  | mutation]
  2336 | D:4      | Gained mutation: You are partially covered in rugged brown
                  | scales. (AC +1, +3% HP) [potion of mutation]
  2376 | D:4      | Noticed an ogre
  2385 | D:4      | Killed an ogre
  2386 | D:4      | Reached XP level 6. HP: 39/49 MP: 5/5
  2468 | D:4      | Reached skill level 5 in Armour
  2523 | D:4      | Found a staircase to the Ecumenical Temple.
  2707 | D:4      | Found a shadowy altar of Dithmenos.
  2712 | D:4      | Found a white marble altar of Elyvilon.
  2715 | D:4      | Found a glowing golden altar of the Shining One.
  2764 | D:5      | Entered Level 5 of the Dungeon
  2828 | D:5      | Reached XP level 7. HP: 55/55 MP: 6/6
  2889 | D:5      | Noticed Grinder
  2906 | D:5      | Paralysed by Grinder for 5 turns
  2913 | D:5      | Killed Grinder
  2914 | D:5      | Reached skill level 5 in Fighting
  2914 | D:5      | Reached skill level 1 in Stealth
  2914 | D:5      | Reached skill level 6 in Shields
  3053 | D:5      | You fall into a shaft and drop 3 floors!
  3053 | D:8      | Found Wievudd's Antique Weapon Emporium.
  3067 | D:7      | Found Yttin's Distillery.
  3111 | D:7      | Slain by a worker ant

Illustrated notes

Levels and vault maps discovered:
D:1:      giann_horns, layout_loops_ring
D:2:      layout_loops_corners, serial_forest, infiniplex_forest_end_double,
          infiniplex_forest_lined_2, infiniplex_forest_lined_4_way,
          infiniplex_forest_lined_3, infiniplex_forest_straight_5,
          infiniplex_forest_lined_corner, lemuel_altar_in_water
D:3:      layout_rooms
D:4:      layout_rooms, grunt_temple_overflow_diamond, minmay_temple_entry_mist
D:5:      layout_loops_ring, amethyst_overflow_temple_binary, uniq_menkaure,
          uniq_grinder
D:7:      layout_basic, serial_shops, nicolae_shop_waterfront
D:8:      layout_basic, lair_entry_dummy, serial_curves, eino_curves_03,
          eino_curves_03, serial_shops, nicolae_shop_overgrown_old_shop,
          uniq_psyche, uniq_erica

Skill      XL: |  1  2  3  4  5  6  7 |
---------------+----------------------+-----
Shields        | 4 5 6 |  6.8
Armour         | 4 5 |  5.9
Fighting       | 4 5 |  5.2
Short Blades   | 1 2 3 4 |  4.3
Long Blades    | 3 |  3.0
Dodging        | 2 3 |  3.4
Stealth        | 1 |  1.1
Throwing       | |  0.2

Action                   |  1- 3 |  4- 6 |  7- 9 || total
-------------------------+-------+-------+-------++-------
Melee: Long sword        |    24 |       |       ||    24
       Headbutt          |    10 |    23 |     4 ||    37
       Dagger            |    55 |   102 |    49 ||   206
Throw: Dart              |       |       |     2 ||     2
  Use: Scroll            |     5 |     2 |     2 ||     9
       Potion            |       |     6 |     1 ||     7
Armor: Scale mail        |    38 |    34 |    24 ||    96
Dodge: Dodged            |    30 |    28 |    21 ||    79
Block: Kite shield       |    26 |       |       ||    26
       Tower shield      |       |    55 |    68 ||   123
       Rpst.: Long sword |     3 |       |       ||     3
